 Dungeon Crawl Stone Soup version 0.29.0-4-gdea44cf6ec (webtiles) character file.

Game seed: 3898456981504031597

166 qw the Chopper (level 5, 0/29 (30) HPs)
             Began as a Tengu Warper on Aug 28, 2022.
             Slain by Pikel
             ... wielding a +1 whip of flaming
              (1 damage)
             ... on level 4 of the Dungeon.
             The game lasted 00:00:14 (3396 turns).

qw the Chopper (Tengu Warper)                       Turns: 3396, Time: 00:00:15

HP:   0/29 (30)     AC:  8    Str: 14      XL:     5   Next: 47%
MP:   9/9           EV:  7    Int: 13      God:
Gold: 130           SH:  4    Dex: 18 (19) Spells: 8/8 levels left

rFire   . . .      SeeInvis .   Y - +1 hand axe (drain)
rCold   . . .      Faith    .   h - +0 buckler
rNeg    . . .      Spirit   .   d - +0 chain mail
rPois   .          Reflect  .   (helmet restricted)
rElec   .          Harm     .   (no cloak)
rCorr   .          Rampage  .   (no gloves)
Will    .....                   (boots unavailable)
Stlth   ..........              (no amulet)
HPRegen 0.09/turn               m - +6 ring of dexterity
MPRegen 0.11/turn               (no ring)

@: about to teleport, flying quickly and evasively, lightly drained, quick
A: beak, talons 3, nimble flight
a: no special abilities


You were on level 4 of the Dungeon.
You visited 1 branch of the dungeon, and saw 4 of its levels.

You collected 130 gold pieces.


Innate Abilities, Weirdness & Mutations

You have a beak for a mouth.
You have claws for feet.
Your magical nature lets you fly swiftly and evasively.


   Skills:
 - Level 2.0 Fighting
 + Level 5.9 Axes
 - Level 1.0 Throwing
 - Level 1.1 Armour
 - Level 2.1 Dodging
 - Level 1.0 Shields
 - Level 2.0 Spellcasting
 - Level 2.4 Translocations


You had 8 spell levels left.
You didn't know any spells.
Your spell library contained the following spells:

 Spells                   Type           Power      Damage    Failure   Level
 Blink                    Tloc           14%        N/A       99%         2
 Gell's Gravitas          Tloc           7%         N/A       100%        3
 Lesser Beckoning         Tloc           7%         N/A       100%        3
 Teleport Other           Tloc           7%         N/A       100%        3
 Manifold Assault         Tloc           7%         N/A       100%        5

Inventory:

Hand Weapons
 b - a +0 flail
 Y - a +1 hand axe of draining (weapon)
Missiles
 f - 4 boomerangs (quivered)
Armour
 d - a +0 chain mail (worn)
 h - a +0 buckler (worn)
Jewellery
 m - a +6 ring of dexterity (left hand)
Potions
 c - a potion of curing
 e - a potion of might {unknown}
 g - a potion of cancellation
 i - a potion of flight {unknown}
 j - a potion of ambrosia {unknown}
 l - a potion of heal wounds {unknown}

Dungeon Overview and Level Annotations

Branches:
Dungeon (4/15)
 Temple: D:4-7

Altars:
Fedhas

Shops:
D:4 (

Annotations:
D:4 Pikel


Message History

You hit the lemure but do no damage.
The lemure is lightly wounded.
The lemure hits you but does no damage.
You barely miss the lemure.
The lemure is lightly wounded.
You hit Pikel but do no damage. Your kick misses Pikel. You hit Pikel.
Your kick misses Pikel.
Pikel is lightly wounded.
Pikel hits you with a +1 whip of flaming.
Pikel burns you.
You hit Pikel. You claw Pikel, but do no damage.
You peck Pikel, but do no damage.
Pikel is lightly wounded.
Pikel hits you but does no damage.
You hit Pikel. You drain Pikel. You peck Pikel, but do no damage.
Pikel is moderately wounded.
Pikel hits you but does no damage.
You hit Pikel. You drain Pikel. You claw Pikel, but do no damage.
Pikel is heavily wounded.
Pikel hits you but does no damage.
You hit Pikel. You drain Pikel. You claw Pikel, but do no damage.
Pikel is severely wounded.
Pikel hits you with a +1 whip of flaming.
Pikel burns you.
You hit Pikel. You drain Pikel. You claw Pikel, but do no damage.
You peck Pikel, but do no damage.
Pikel is almost dead.
Pikel hits you with a +1 whip of flaming.
Pikel burns you.
3395 ||| READING scroll of teleportation.
As you read the scroll of teleportation, it crumbles to dust.
You feel strangely unstable.
Pikel hits you with a +1 whip of flaming.
Pikel burns you.
You hit Pikel but do no damage. You claw Pikel, but do no damage.
Pikel is almost dead.
Pikel hits you with a +1 whip of flaming.
Pikel burns you.
Pikel hits you with a +1 whip of flaming.
You die...

###########
#.........#
#.#######.#
#<# #.# ###
#@# #K#


55g .55.. .\..... ......... .........). .........##.. You could see Pikel (very
drained), 4 lemures and a goblin.

Vanquished Creatures
  2 orc priests (D:3)
  2 orc wizards (D:3)
  A worm (D:2)
  8 orcs (D:3)
  4 ball pythons
  2 endoplasms
  A giant cockroach (D:2)
  6 goblins
  4 hobgoblins
  3 jackals (D:2)
  3 quokkas
  A bat (D:1)
  2 frilled lizards (D:1)
  2 kobolds (D:3)
  5 rats
46 creatures vanquished.

Notes
Turn   | Place    | Note
-------+----------+-------------------------------------------
     0 | D:1      | qw the Tengu Warper began the quest for the Orb.
     0 | D:1      | Reached XP level 1. HP: 12/12 MP: 4/4
     0 | D:1      | 0 ||| qw: Version: 0.1-a-89-g26bdef1
     0 | D:1      | 0 ||| qw: Game counter: 1412
     0 | D:1      | 0 ||| qw: Always use a shield: true
     0 | D:1      | 0 ||| qw: God list: Okawaru
     0 | D:1      | 0 ||| qw: Allow faded altars: false
     0 | D:1      | 0 ||| qw: Do Orc after D:15 true
     0 | D:1      | 0 ||| qw: Do second Lair branch before Depths: true
     0 | D:1      | 0 ||| qw: Lair rune preference: random
     0 | D:1      | 0 ||| qw: Plans: Normal
     0 | D:1      | 0 ||| PLANNING D:1-11
   265 | D:1      | HP: 2/12 [hobgoblin (4)]
   267 | D:1      | Reached XP level 2. HP: 4/17 MP: 6/6
   542 | D:1      | Reached skill level 3 in Axes
   696 | D:1      | 696 ||| Stepping ~*~*~tactically~*~*~ (stealth).
   776 | D:1      | 776 ||| DROPPING +0 club.
  1330 | D:1      | 1330 ||| UPGRADING to +0 chain mail.
  1340 | D:1      | 1340 ||| DROPPING +0 leather armour.
  1341 | D:1      | 1341 ||| UPGRADING to +0 buckler.
  1346 | D:1      | 1346 ||| READING 2 scrolls labelled OMOTUW COSOKA.
  1350 | D:1      | 1350 ||| READING scroll labelled FUMENELACO.
  1451 | D:1      | 1451 ||| READING scroll labelled JER QUEREANOIF.
  1452 | D:1      | 1452 ||| DRINKING 2 blue potions.
  1453 | D:1      | 1453 ||| DROPPING scroll of blinking.
  1454 | D:1      | 1454 ||| DROPPING potion of degeneration.
  1772 | D:2      | 1772 ||| Stepping ~*~*~tactically~*~*~ (stealth).
  1789 | D:2      | Reached XP level 3. HP: 21/21 MP: 7/7
  1793 | D:2      | Reached skill level 1 in Shields
  1932 | D:2      | Found a faded altar of an unknown god.
  2056 | D:2      | Found a blossoming altar of Fedhas.
  2498 | D:2      | 2498 ||| DROPPING +0 ring mail of cold resistance.
  2499 | D:2      | 2499 ||| UPGRADING to +6 ring of dexterity.
  2500 | D:2      | 2500 ||| READING scroll labelled HUEPEN DUTZ.
  2501 | D:2      | 2501 ||| DRINKING 2 golden potions.
  2502 | D:2      | 2502 ||| DRINKING 2 bubbling coppery potions.
  2540 | D:3      | 2540 ||| Stepping ~*~*~tactically~*~*~ (stealth).
  2542 | D:3      | 2542 ||| Stepping ~*~*~tactically~*~*~ (hiding).
  2554 | D:3      | Reached skill level 4 in Axes
  2554 | D:3      | Reached XP level 4. HP: 13/26 MP: 8/8
  2561 | D:3      | 2561 ||| FLEEEEING.
  2562 | D:3      | 2562 ||| FLEEEEING.
  2563 | D:3      | 2563 ||| FLEEEEING.
  2564 | D:3      | 2564 ||| FLEEEEING.
  2565 | D:3      | 2565 ||| FLEEEEING.
  2566 | D:3      | 2566 ||| FLEEEEING.
  2567 | D:3      | 2567 ||| STAIRDANCE
  2747 | D:3      | Reached skill level 5 in Axes
  2770 | D:3      | 2770 ||| DROPPING +0 mace.
  2832 | D:3      | 2832 ||| Stepping ~*~*~tactically~*~*~ (hiding).
  2834 | D:3      | 2834 ||| Stepping ~*~*~tactically~*~*~ (stealth).
  2836 | D:3      | 2836 ||| Stepping ~*~*~tactically~*~*~ (stealth).
  2845 | D:3      | Gained mutation: Your magical nature lets you fly swiftly
                  | and evasively. [Tengu growth]
  2845 | D:3      | Reached XP level 5. HP: 27/30 MP: 9/9
  2851 | D:3      | 2851 ||| FLEEEEING.
  2852 | D:3      | 2852 ||| FLEEEEING.
  2853 | D:3      | 2853 ||| FLEEEEING.
  2854 | D:3      | 2854 ||| FLEEEEING.
  3163 | D:3      | 3163 ||| SWAPPING to +1 hand axe of draining.
  3164 | D:3      | 3164 ||| DROPPING +1 hand axe.
  3345 | D:3      | 3345 ||| READING scroll labelled UQEUNNOCO HADI.
  3378 | D:4      | Found Unwe Pan's Weapon Emporium.
  3378 | D:4      | Noticed a lemure
  3379 | D:4      | Noticed a lemure
  3379 | D:4      | Noticed Pikel
  3381 | D:4      | Noticed a lemure
  3383 | D:4      | Noticed a lemure
  3394 | D:4      | HP: 7/29 [Pikel/+1 whip of flaming (3)]
  3395 | D:4      | 3395 ||| READING scroll of teleportation.
  3395 | D:4      | HP: 3/29 [Pikel/+1 whip of flaming (1)]
  3396 | D:4      | HP: 1/29 [Pikel/+1 whip of flaming (1)]
  3396 | D:4      | Slain by Pikel

Levels and vault maps discovered:
D:1:      nzn_arrival_water_spiral, layout_basic
D:2:      layout_basic, ebering_ecumenical_altar_mist, basic_altar
D:3:      layout_loops_ring
D:4:      layout_basic, nicolae_wu_jian_immortal_techniques, serial_shops,
          nicolae_stop_n_shop_1, nicolae_shop_trees, shop, shop,
          nicolae_shop_temple_entry_statues_fountains, minmay_fountain_box,
          uniq_pikel

Skill      XL: |  1  2  3  4 |
---------------+-------------+-----
Axes           | 3 4 5 |  5.9
Shields        | 1 |  1.0
Fighting       | |  2.0
Throwing       | |  1.0
Armour         | |  1.1
Dodging        | |  2.1
Spellcasting   | |  2.0
Translocations | |  2.4

Action                   |  1- 3 |  4- 6 || total
-------------------------+-------+-------++-------
Melee: Hand axe          |    75 |    42 ||   117
       Kick              |    13 |    15 ||    28
       Peck              |    11 |     5 ||    16
Throw: Boomerang         |    11 |    17 ||    28
  Use: Scroll            |     4 |     2 ||     6
       Potion            |     3 |       ||     3
 Stab: Distracted        |     1 |       ||     1
Armor: Leather armour    |    12 |       ||    12
       Chain mail        |    11 |    16 ||    27
Dodge: Dodged            |    16 |     8 ||    24
Block: Buckler           |     4 |     6 ||    10

Table legend:
 A = Non-vault XP
 B = Vault XP
 C = Vault XP percentage of total XP
 D = Non-vault monster count
 E = Vault monster count
 F = Vault count percentage of total count
                 A         B        C        D         E       F
            +---------+---------+-------+---------+---------+-------
      Total |     238 |       0 |   0.0 |      46 |       0 |   0.0
            +---------+---------+-------+---------+---------+-------
        D:1 |      28 |       0 |   0.0 |      17 |       0 |   0.0
        D:2 |      22 |       0 |   0.0 |      10 |       0 |   0.0
        D:3 |     188 |       0 |   0.0 |      19 |       0 |   0.0
            +---------+---------+-------+---------+---------+-------
